 Dungeon Crawl Stone Soup version 0.29-a0-275-g389c0b56f3 (webtiles) character file.

Game seed: 7082458309443068273

3458 jmlagarto the Protected (level 9, 0/74 HPs)
             Began as a Minotaur Fighter on Mar 10, 2022.
             Was a Priest of Hepliaklqana.
             Killed from afar by a gargoyle (24 damage)
             ... with a stone arrow
             ... on level 8 of the Dungeon.
             The game lasted 00:17:56 (7132 turns).

jmlagarto the Protected (Minotaur Fighter)          Turns: 7132, Time: 00:17:57

Health: 0/74       AC: 14    Str: 29    XL:     9   Next: 78%
Magic:  6/8        EV: 10    Int:  5    God:    Hepliaklqana [***...]
Gold:   493        SH:  0    Dex: 10    Spells: 8/8 levels left

rFire   . . .      SeeInvis .   c - +6 great mace of Disaster {flame, rF- rC+ Str+4}
rCold   . . .      Faith    .   (shield currently unavailable)
rNeg    . . .      Spirit   .   b - +0 scale mail
rPois   +          Reflect  .   (helmet restricted)
rElec   .          Harm     .   K - +0 cloak
rCorr   .          Rampage  .   h - +0 pair of gloves
Will    .....                   g - +2 pair of boots
Stlth   ..........              (no amulet)
HPRegen 0.22/turn               A - ring of fire
MPRegen 0.11/turn               m - ring of poison resistance

@: no status effects
A: reduced essence, horns 2, retaliatory headbutt
a: Renounce Religion, Recall Ancestor, Ancestor Identity, Transference


You were on level 8 of the Dungeon.
You worshipped Hepliaklqana.
Hepliaklqana was most pleased with you.
You visited 1 branch of the dungeon, and saw 8 of its levels.

You collected 493 gold pieces.

Inventory:

Hand Weapons
 a - a +0 flail
 c - the +6 great mace of Disaster (weapon) {flame, rF- rC+ Str+4}
   (You took it off an ogre on level 4 of the Dungeon)

   It burns those it strikes, dealing additional fire damage.
   Str:       It affects your strength (+4).
   rF:        It makes you vulnerable to fire.
   rC:        It protects you from cold.
Missiles
 j - 243 stones (quivered)
 w - 2 datura-tipped darts
 E - 6 curare-tipped darts
 F - 7 poisoned darts
Armour
 b - a +0 scale mail (worn)
 g - a +2 pair of boots (worn)
 h - a +0 pair of gloves (worn)
 k - the +3 leather armour "Poseecw" {rC+ Will+ Dex+2 Stlth+}
   (You found it on level 6 of the Dungeon)

   Dex:       It affects your dexterity (+2).
   rC:        It protects you from cold.
   Will:      It increases your willpower.
   Stlth:     It makes you more stealthy.
 p - the +2 robe of Mecruata {Harm Fly rC-}
   (You found it on level 2 of the Dungeon)

   rC:        It makes you vulnerable to cold.
   Fly:       It grants you flight.
   Harm:      It increases damage dealt and taken.
 D - a +0 kite shield
 K - a +0 cloak (worn)
Jewellery
 f - a +4 ring of evasion
 l - a ring of ice
 m - a ring of poison resistance (right hand)
 A - a ring of fire (left hand)
 J - a ring of see invisible
Wands
 B - a wand of flame (26)
 G - a wand of charming (12)
Scrolls
 e - 3 scrolls of teleportation
 n - 2 scrolls of holy word
 o - 2 scrolls of magic mapping {unknown}
 u - 2 scrolls of vulnerability {unknown}
 v - a scroll of fear {unknown}
 y - a scroll of blinking {unknown}
 z - a scroll of acquirement {unknown}
 I - 2 scrolls of identify
Potions
 d - a potion of might
 i - a potion of degeneration {unknown}
 q - 2 potions of ambrosia {unknown}
 r - 2 potions of attraction {unknown}
 s - 2 potions of flight {unknown}
 t - 2 potions of curing {unknown}
 x - 3 potions of brilliance
 C - a potion of haste {unknown}


   Skills:
 + Level 9.2 Fighting
 + Level 8.7 Maces & Flails
 + Level 9.2 Armour
 + Level 9.2 Shields


You had 8 spell levels left.
You didn't know any spells.
Your spell library contained the following spells:

 Spells                   Type           Power      Damage    Failure   Level
 Animate Skeleton         Necr           0%         N/A       69%         1
 Apportation              Tloc           0%         N/A       69%         1
 Magic Dart               Conj           0%         1d3       69%         1
 Pain                     Necr           0%         1d4       69%         1
 Scorch                   Fire           0%         2d5       83%         2
 Searing Ray              Conj           0%         2d4       83%         2
 Call Canine Familiar     Summ           0%         N/A       96%         3
 Conjure Flame            Conj/Fire      0%         6-21      96%         3
 Ignite Poison            Fire/Tmut/Pois 0%         N/A       96%         3
 Portal Projectile        Hex/Tloc       0%         N/A       96%         3
 Stone Arrow              Conj/Erth      0%         3d7       96%         3
 Vampiric Draining        Necr           0%         2d6       96%         3
 Airstrike                Air            0%         N/A       100%        4
 Animate Armour           Summ/Erth      0%         N/A       100%        4
 Flame Wave               Conj/Fire      0%         2d4       100%        4
 Fulminant Prism          Conj/Hex       0%         3d6       100%        4
 Leda's Liquefaction      Hex/Erth       0%         N/A       100%        4
 Sticky Flame             Conj/Fire      0%         2d3       100%        4
 Summon Lightning Spire   Summ/Air       0%         N/A       100%        4
 Alistair's Intoxication  Tmut/Pois      0%         N/A       100%        5
 Lightning Bolt           Conj/Air       0%         1d11      100%        5
 Summon Cactus Giant      Summ           0%         N/A       100%        6
 Lehudib's Crystal Spear  Conj/Erth      0%         10d2      100%        8


Dungeon Overview and Level Annotations

Branches:
Dungeon (9/15)               Lair (0/6) D:9
 Temple: D:4-7          Orc: D:9-12

Altars:
Dithmenos
Hepliaklqana
Vehumet


Innate Abilities, Weirdness & Mutations

Your life essence is reduced to manifest your ancestor. (-10% HP)
You have a pair of horns on your head.
You reflexively headbutt those who attack you in melee.


Message History

The gnoll barely misses you. The gnoll closely misses you.
The orc warrior hits you from afar with a +0 halberd.
The gnoll hits you with a +1 vorpal spear.
Items here: ))) [ ††.
The gnoll barely misses you. The gnoll misses you.
The gnoll hits you but does no damage. The gnoll hits you with a +0 halberd!
The gnoll hits you with a +1 vorpal spear.
The orc warrior hits you from afar with a +0 halberd.
Items here: ))) [ ††.
You bludgeon the gnoll!! You burn the gnoll.
You kill the gnoll!
The gnoll closely misses you. The gnoll hits you with a +0 halberd.
The orc warrior hits you from afar with a +0 halberd.
The gargoyle hurls a stone arrow at you.
The stone arrow hits something!!
Reactivating autopickup.
You sock the gnoll! You burn the gnoll.
You kill the gnoll!
The orc warrior hits you from afar with a +0 halberd!
* * * LOW HITPOINT WARNING * * *
Numeria is recalled.
The gargoyle hits you but does no damage.
The orc warrior hits you from afar with a +0 halberd!
* * * LOW HITPOINT WARNING * * *
You swap places.
The gargoyle attacks as you move away! The gargoyle barely misses you.
The gargoyle hurls a stone arrow at you.
The stone arrow hits Numeria!!
Numeria points at the gargoyle and mumbles some strange words.
The gargoyle easily resists.
Something hits Numeria!!
Numeria is destroyed!
You feel much better.
You sock the gargoyle! You burn the gargoyle.
The gargoyle is heavily damaged.
The gargoyle hurls a stone arrow at you.
The stone arrow hits you!!
You die...

#.#.#
.<#.#
#.#..
#.#.#
#.#.# #
#...# .#
#..####[#
#)(##...#
#.)##@#
#.>o9.#
#######


You could see an orc warrior and a gargoyle.

Vanquished Creatures
  Pikel (D:5)
  The ghost of jmlagarto the Chopper, a novice HOFi of Vehumet (D:5)
  Grinder (D:4)
  The ghost of Flogoulo the Digger, an amateur OpEE (D:4)
  Sigmund (D:2)
  Menkaure (D:6)
  A water moccasin (D:6)
  Duvessa (D:5)
  3 ogres (D:4)
  A centaur (D:5)
  A lemure (D:5)
  A bullfrog (D:6)
  A scorpion (D:5)
  2 wyvern skeletons (D:5)
  4 wights (D:6)
  Dowan (D:5)
  A bullfrog zombie (D:5)
  2 hounds (D:5)
  A gnoll shaman (D:8)
  4 orc priests
  3 jellies
  3 iguanas
  4 orc wizards
  5 gnolls (D:8)
  8 adders
  A white imp (D:5)
  2 ufetubi
  2 worms
  2 dart slugs
  22 orcs
  5 ball pythons
  3 bats
  3 endoplasms
  3 giant cockroaches
  5 goblins
  6 hobgoblins
  7 jackals
  10 kobolds
  5 quokkas
  6 frilled lizards
  5 rats
140 creatures vanquished.

Vanquished Creatures (collateral kills)
  A centaur (D:6)
  An orc priest (D:4)
  Terence (D:2)
  An iguana (D:6)
  2 orc wizards
  An adder (D:5)
  6 orcs
  2 ball pythons (D:2)
  A frilled lizard (D:2)
  A kobold (D:2)
  A rat (D:2)
18 creatures vanquished.

Vanquished Creatures (others)
  An orc wizard (D:8)
  3 hexers
  3 ancestors
  2 fungi (D:1)
  A plant (D:1)
10 creatures vanquished.

Grand Total: 168 creatures vanquished

Notes
Turn   | Place    | Note
-------+----------+-------------------------------------------
     0 | D:1      | jmlagarto the Minotaur Fighter began the quest for the Orb.
     0 | D:1      | Reached XP level 1. HP: 19/19 MP: 0/0
   322 | D:1      | Found a faded altar of an unknown god.
   383 | D:1      | Reached XP level 2. HP: 27/27 MP: 1/1
  1023 | D:1      | Reached XP level 3. HP: 32/33 MP: 2/2
  1256 | D:1      | Prayed at the altar of an unknown god.
  1256 | D:1      | Became a worshipper of Hepliaklqana the Forgotten
  1256 | D:1      | Reached * piety under Hepliaklqana
  1373 | D:2      | Noticed Terence
  1385 | D:2      | Killed Terence
  1599 | D:2      | Noticed Sigmund
  1610 | D:2      | Killed Sigmund
  1611 | D:2      | Reached skill level 5 in Fighting
  1611 | D:2      | Reached skill level 5 in Armour
  1611 | D:2      | Reached skill level 5 in Shields
  1611 | D:2      | Reached XP level 4. HP: 24/37 MP: 3/3
  1611 | D:2      | Reached XP level 5. HP: 28/43 MP: 4/4
  1760 | D:2      | Identified the +2 robe of Mecruata {Harm Fly rC-}
  2050 | D:2      | Reached XP level 6. HP: 50/50 MP: 5/5
  2514 | D:3      | Reached ** piety under Hepliaklqana
  3293 | D:4      | Found a radiant altar of Vehumet.
  3344 | D:4      | Noticed Grinder
  3349 | D:4      | Found a shadowy altar of Dithmenos.
  3349 | D:4      | Paralysed by Grinder for 5 turns
  3361 | D:4      | Killed Grinder
  3362 | D:4      | Reached skill level 5 in Maces & Flails
  3362 | D:4      | Reached XP level 7. HP: 40/56 MP: 6/6
  3541 | D:4      | Noticed Flogoulo's ghost (amateur OpEE)
  3542 | D:4      | Found a transporter.
  3543 | D:4      | Identified the +6 great mace of Disaster {flame, rF- rC+
                  | Str+4}
  3546 | D:4      | Found a transporter.
  3572 | D:4      | Killed Flogoulo's ghost
  3583 | D:4      | Reached XP level 8. HP: 38/63 MP: 7/7
  4784 | D:5      | Entered Level 5 of the Dungeon
  4973 | D:5      | Found a runed translucent gate.
  4973 | D:5      | Found a runed translucent gate.
  4973 | D:5      | Found a runed translucent gate.
  4976 | D:5      | Noticed jmlagarto's ghost (novice HOFi)
  5076 | D:5      | Noticed Dowan
  5076 | D:5      | Noticed Duvessa
  5089 | D:5      | Killed Dowan
  5092 | D:5      | Killed Duvessa
  5267 | D:5      | Remembered your ancestor Numeria as a hexer
  5282 | D:5      | Reached *** piety under Hepliaklqana
  5520 | D:5      | Noticed Pikel
  5530 | D:5      | Killed Pikel
  5531 | D:5      | Reached XP level 9. HP: 70/72 MP: 8/8
  5666 | D:5      | Killed jmlagarto's ghost
  6024 | D:6      | Identified the +3 leather armour "Poseecw" {rC+ Will+ Dex+2
                  | Stlth+}
  6508 | D:6      | Noticed Menkaure
  6512 | D:6      | Killed Menkaure
  6913 | D:6      | You fall into a shaft and drop 3 floors!
  7061 | D:9      | Found a staircase to the Lair.
  7113 | D:8      | Noticed a gargoyle
  7128 | D:8      | HP: 2/74 [orc warrior/+0 halberd (11)]
  7132 | D:8      | Killed from afar by a gargoyle

Illustrated notes

Levels and vault maps discovered:
D:1:      lightli_arrival_statue_moat, layout_loops_corners,
          shapermc_ecumenical_altar_mp_ritualfount, minmay_tromino_v7
D:2:      layout_basic, uniq_sigmund, uniq_terence
D:3:      layout_loops_ring, solitary_fountain
D:4:      layout_cave_pods, vehumet_altar_wand_db, overflow_temple_1_default,
          gammafunk_ghost_smash, uniq_grinder
D:5:      layout_loops_ring, gammafunk_ghost_necromancy, uniq_duvessa,
          uniq_pikel
D:6:      layout_loops_cross, uniq_menkaure
D:8:      layout_basic, general_overflow_altar, uniq_prince_ribbit1, uniq_maggie
D:9:      minmay_the_grid_net [minmay_the_grid_minigrid_large,
          minmay_the_grid_stretched_grid, minmay_the_grid_holed_spiral,
          minmay_the_grid_tree, minmay_the_grid_aliased_spiral,
          minmay_the_grid_prize_inner_circle], layout_loops_corners,
          mainiacjoe_overflow_brackets, kennysheep_mini, serial_shops, shop,
          minmay_circle_x

Skill      XL: |  1  2  3  4  5  6  7  8  9 |
---------------+----------------------------+-----
Fighting       | 4 5 6 8 9 |  9.2
Shields        | 4 5 6 8 9 |  9.2
Armour         | 4 5 6 8 9 |  9.2
Maces & Flails | 3 4 5 6 7 8 |  8.7

Action                   |  1- 3 |  4- 6 |  7- 9 || total
-------------------------+-------+-------+-------++-------
Melee: Flail             |    93 |    97 |    92 ||   282
       Headbutt          |     6 |     7 |    30 ||    43
       Great mace        |       |       |    79 ||    79
Throw: Stone             |    11 |       |     1 ||    12
Invok: Ancestor Identity |       |     1 |       ||     1
       Ancestor Life: He |       |       |     1 ||     1
       Recall Ancestor   |       |       |     1 ||     1
Evoke: Wand              |       |     3 |       ||     3
  Use: Scroll            |     4 |       |     1 ||     5
       Potion            |       |       |     3 ||     3
Armor: Scale mail        |    34 |    44 |    93 ||   171
Dodge: Dodged            |    56 |    61 |   105 ||   222
Block: Buckler           |    19 |    16 |    18 ||    53
       Kite shield       |       |       |    30 ||    30

Table legend: (Time is in decaauts)
 A = Elapsed time spent in this place.
 B = Non-inter-level travel time spent in this place.
 C = Inter-level travel time spent in this place.
 D = Time resting spent in this place.
 E = Time spent auto-exploring this place.
 F = Levels seen in this place.
 G = Mean time per level.
                   A        B        C        D        E       F      G
               +--------+--------+--------+--------+--------+-----+--------+
         Total |   7220 |   6927 |    293 |      0 |   5785 |   8 |  902.5 |
       Dungeon |   7220 |   6927 |    293 |      0 |   5785 |   8 |  902.5 |
               +--------+--------+--------+--------+--------+-----+--------+

Top non-repeatable levels by time:
     D:4: 1785 daAuts
     D:1: 1287 daAuts
     D:5: 1203 daAuts
     D:6: 953 daAuts
     D:3: 932 daAuts
     D:2: 837 daAuts
     D:9: 192 daAuts
     D:8: 28 daAuts
